cohdb
Replays
Latest Replays
All Replays
Popular Replays
Top Player Replays
Match Explorer
How It Works
Community
CoH3 Stats
Reddit
Sign in to upload your games and track your stats! →
Sign in with Steam
Match 42420703
Unlisted
Match 42420703
Overview
Messages
Build Orders
End
Construct Infanterie Kompanie
Grenadier Squad
Grenadier Squad
MG 42 Machine Gun Team
Selects Terror Battlegroup
Selects Machine Gun Camouflage
GrW 34 Mortar Team
Construct Panzergrenadier Kompanie
Panzergrenadier Squad
Pak 40 Anti-tank Gun Team
Duffman™
Lord Dung
SuurSaadik
magazinwastaken
We are currently clear on OPSEC
UMirinBrah?
Dark Angels
Tirant
0
0
Comments
sign in to comment!
No comments posted yet!